 Dungeon Crawl Stone Soup version 0.29-a0-962-gc8bbfd0a37 (webtiles) character file.

Game seed: 2879790016484596644

22 vurker the Gusty (level 3, 27/27 HPs)
             Began as a Meteoran Air Elementalist on July 30, 2022.
             Quit the game on level 1 of the Dungeon.
             The game lasted 00:01:52 (500 turns).

vurker the Gusty (Meteoran Air Elementalist)         Turns: 500, Time: 00:01:53

Health: 27/27      AC:  2    Str:  9    XL:     3   Next: 23%
Magic:  6/8        EV: 12    Int: 19    God:
Gold:   26         SH:  0    Dex: 14    Spells: 7/8 levels left

rFire   . . .      SeeInvis .   c - +0 short sword
rCold   . . .      Faith    .   (no shield)
rNeg    . . .      Spirit   .   a - +0 robe
rPois   .          Reflect  .   (no helmet)
rElec   .          Harm     .   (no cloak)
rCorr   .          Rampage  .   (no gloves)
Will    .....                   (no boots)
Stlth   +.........              (no amulet)
HPRegen 0.09/turn               (no ring)
MPRegen 0.11/turn               (no ring)

@: glowing, bezotted
A: sense surroundings 1, otherworldly, glowing, explore regen
a: no special abilities


You were on level 1 of the Dungeon.
You visited 1 branch of the dungeon, and saw 1 of its levels.

You collected 26 gold pieces.

Inventory:

Hand Weapons
 c - a +0 short sword (weapon)
   (You took it off a kobold on level 1 of the Dungeon)
Armour
 a - a +0 robe (worn)
Magical Staves
 g - a staff of cold
   (You took it off a goblin on level 1 of the Dungeon)
Scrolls
 e - a scroll of magic mapping {unknown}
 h - a scroll of silence {unknown}
Potions
 b - 2 potions of magic
 d - a potion of flight {unknown}
 f - a potion of degeneration {unknown}


   Skills:
 + Level 0.6 Fighting
 - Level 2.4 Dodging
 - Level 1.4 Stealth
 * Level 3.2 Spellcasting
 + Level 1.6 Conjurations
 * Level 4.1 Air Magic


You had 7 spell levels left.
You knew the following spells:

 Your Spells              Type           Power      Damage    Failure   Level
a - Shock                 Conj/Air       56%        1d6       4%          1

Your spell library contained the following spells:

 Spells                   Type           Power      Damage    Failure   Level
 Static Discharge         Conj/Air       14%        3-5/arc   7%          2
 Swiftness                Air            18%        N/A       9%          3
 Airstrike                Air            9%         0-4+      26%         4
 Gell's Gravitas          Tloc           3%         N/A       41%         3
 Lesser Beckoning         Tloc           3%         N/A       41%         3
 Teleport Other           Tloc           3%         N/A       41%         3


Dungeon Overview and Level Annotations

Branches:
Dungeon (1/15) Zot: 99

Altars:


Innate Abilities, Weirdness & Mutations

You passively map a small area around you.
You are easily found by Zot.
You glow in the dark.
You regain HP and MP as you explore.


Message History

A giant cockroach is nearby!
Aim: a giant cockroach (heavily wounded, 68% to hit)
The zap hits the giant cockroach.
You kill the giant cockroach!
You have reached level 3!
Your experience leads to an increase in your attributes!
Increase (S)trength, (I)ntelligence, or (D)exterity?
You feel clever. x3
Your magical contamination has completely faded away.
A kobold comes into view. It is wielding a +0 whip.
The kobold shouts!
A kobold is nearby!
A kobold is nearby!
Aim: a kobold, wielding a +0 whip (60% to hit)
The zap hits the kobold.
You kill the kobold!
A giant cockroach comes into view.
Aim: a giant cockroach (wandering, hasn't noticed you, 68% to hit)
The zap misses the giant cockroach.
Aim: a giant cockroach (68% to hit)
The zap hits the giant cockroach.
A goblin comes into view. It is wielding a staff of cold.
A dart slug comes into view.
Aim: a giant cockroach (almost dead, 68% to hit)
The zap hits the giant cockroach.
You kill the giant cockroach!
The goblin shouts!
There are monsters nearby!
Aim: a goblin, wielding a staff of cold (64% to hit)
The zap misses the goblin.
Aim: a dart slug (100% to hit)
The zap hits the dart slug.
Aim: a dart slug (moderately wounded, 100% to hit)
The zap hits the dart slug.
Aim: a dart slug (severely wounded, 100% to hit)
The zap hits the dart slug.
You kill the dart slug!
Aim: a goblin, wielding a staff of cold (64% to hit)
The zap hits the goblin.
You kill the goblin!
b - 2 potions of magic (gained 1)
Things that are here:
a staff of cold; a goblin corpse
g - a staff of cold
Found a club.
Found a stone staircase leading down.
Found a scroll labelled HOAQAO JAMIY.
h - a scroll labelled HOAQAO JAMIY You see here a +0 club.
You have lingered too long.
Zot senses you.
Dive deeper or flee this branch before you suffer!

#### #...##### #.#.....#
#####.#.....########
#....†).............
#####'#.###.....########
#.......# #.....#
#......@# #.†...########
#.......###............h
#.....)>................
#..............)........
#..............##'######
#.................#
#####..........####
#.#.######## #.#.#


There were no monsters in sight!

Vanquished Creatures
  A dart slug (D:1)
  2 bats (D:1)
  2 giant cockroaches (D:1)
  3 goblins (D:1)
  4 jackals (D:1)
  3 kobolds (D:1)
  A ball python (D:1)
  3 rats (D:1)
19 creatures vanquished.

Notes
Turn   | Place    | Note
-------+----------+-------------------------------------------
     0 | D:1      | vurker the Meteoran Air Elementalist began the quest for
                  | the Orb.
     0 | D:1      | Reached XP level 1. HP: 14/14 MP: 5/5
   125 | D:1      | Reached XP level 2. HP: 20/20 MP: 2/6
   276 | D:1      | Reached skill level 4 in Air Magic
   448 | D:1      | Reached XP level 3. HP: 27/27 MP: 3/8
   499 | D:1      | Glimpsed the power of Zot.
   500 | D:1      | Quit the game

Illustrated notes

Levels and vault maps discovered:
D:1:      lemuel_arrival_cross, layout_basic

Skill      XL: |  1  2 |
---------------+-------+-----
Spellcasting   | 3 |  3.2
Air Magic      | 4 |  4.1
Fighting       | |  0.6
Dodging        | |  2.4
Stealth        | |  1.4
Conjurations   | |  1.6

Action                   || total
-------------------------++-------
Melee: Unarmed           ||     4
       Short sword       ||     7
 Cast: Shock             ||    40
Armor: Robe              ||    17
Dodge: Dodged            ||    26

Table legend: (Time is in decaauts)
 A = Elapsed time spent in this place.
 B = Non-inter-level travel time spent in this place.
 C = Inter-level travel time spent in this place.
 D = Time resting spent in this place.
 E = Time spent auto-exploring this place.
 F = Levels seen in this place.
 G = Mean time per level.
                   A        B        C        D        E       F      G
               +--------+--------+--------+--------+--------+-----+--------+
         Total |    500 |    500 |      0 |      0 |    360 |   1 |  500.0 |
       Dungeon |    500 |    500 |      0 |      0 |    360 |   1 |  500.0 |
               +--------+--------+--------+--------+--------+-----+--------+

Top non-repeatable levels by time:
     D:1: 500 daAuts
